AoeStats
← PoeBoy

Lombardia

509795897Analyzed
2v2 RM · 3d ago on Sep 28, 2026· 75m 21s· 4 players
Game mode
Random Map
Map size
Medium (4 player)
Population
200
Speed
Normal
Resources
Standard
Victory
Conquest
Starting age
Dark Age
Ending age
Imperial Age
RankedLock teamsTeams togetherTeam positionsShared explorationLock speedFull tech treeHidden civsTurbo modeCheats
Victory
Defeat
🇺🇸 Italians · United States
1224
+13
🇺🇸 Varangians · United States
1223
+13
🇺🇸 Spanish · United States
1158
-13
🇺🇸 Sicilians · United States
1146
-13
monster_
7:52 Loom
10:20 Feudal Age
14:14 Castle Age
13:34 Double-Bit Axe
13:30 Horse Collar
22:32 Padded Archer Armor
28:34 Bow Saw
29:56 Leather Archer Armor
30:10 Heavy Plow
32:10 Forging
34:05 Wheelbarrow
33:46 Fletching
34:32 Iron Casting
34:02 Scale Barding Armor
34:36 Wheelbarrow
36:38 Imperial Age
35:09 Wheelbarrow
35:43 Gold Mining
35:44 Stone Mining
37:00 Bloodlines
36:50 Husbandry
36:43 Cavalier
38:32 Iron Casting
38:02 Scale Barding Armor
37:53 Bodkin Arrow
40:53 Blast Furnace
40:12 Hand Cart
40:56 Chain Barding Armor
41:27 Paladin
44:21 Plate Barding Armor
43:56 Inquisition
44:16 Conscription
44:29 Bodkin Arrow
44:53 Block Printing
47:19 Bracer
48:38 Fervor
48:35 Caravan
49:46 Redemption
51:08 Chemistry
51:12 Sanctity
51:30 Theocracy
51:21 Illumination
53:14 Ring Archer Armor
52:57 Masonry
52:58 Careening
52:46 Murder Holes
53:38 Supremacy
55:26 Light Cavalry
56:36 Hussar
58:23 Bombard Tower
58:24 Ballistics
61:09 Elite Skirmisher
Fochstifer
5:43 Loom
10:24 Feudal Age
13:46 Horse Collar
23:40 Castle Age
23:19 Scale Mail Armor
23:35 Forging
26:16 Scale Barding Armor
27:09 Bloodlines
27:22 Chain Barding Armor
27:52 Double-Bit Axe
29:02 Iron Casting
29:51 Bow Saw
34:52 Wheelbarrow
40:10 Imperial Age
40:27 Onager
43:50 Siege Onager
48:07 Siege Engineers
49:03 Chemistry
58:52 Plate Barding Armor
59:27 Blast Furnace
58:30 Cavalier
60:26 Hauberk
74:55 Murder Holes
Billiard
7:21 Loom
10:25 Feudal Age
14:49 Fletching
15:47 Horse Collar
23:04 Castle Age
21:28 Padded Archer Armor
21:30 Double-Bit Axe
23:15 Elite Skirmisher
25:25 Bodkin Arrow
26:36 Bow Saw
29:20 Heavy Plow
29:55 Heated Shot
30:27 Ballistics
30:56 Stone Mining
33:42 Padded Archer Armor
36:22 Leather Archer Armor
41:44 Imperial Age
40:55 Wheelbarrow
42:47 Hand Cart
42:18 Town Watch
42:17 Light Cavalry
43:25 Conscription
45:06 Bracer
45:36 Ring Archer Armor
45:30 Guilds
45:30 Elite Genoese Crossbowman
47:33 Chemistry
47:41 Bloodlines
47:31 Husbandry
48:13 Scale Barding Armor
49:26 Two-Man Saw
49:33 Forging
49:45 Chain Barding Armor
48:51 Hussar
51:54 Plate Barding Armor
61:39 Caravan
62:43 Silk Road
62:52 Silk Road
63:45 Town Patrol
65:07 Iron Casting
67:31 Masonry
67:33 Fortified Wall
67:05 Treadmill Crane
68:40 Blast Furnace
68:43 Hoardings
PoeBoy
8:47 Loom
10:33 Feudal Age
14:56 Castle Age
12:55 Double-Bit Axe
14:26 Forging
16:54 Scale Barding Armor
22:06 Fletching
29:20 Padded Archer Armor
29:20 Bodkin Arrow
35:42 Ballistics
36:05 Padded Archer Armor
38:37 Horse Collar
43:30 Imperial Age
43:47 Wheelbarrow
44:11 Scale Mail Armor
44:47 Iron Casting
43:38 Cranequins
44:22 Squires
44:08 Arson
44:09 Gambesons
43:57 Pikeman
44:39 Gold Mining
46:08 Heavy Mounted Crossbowman
46:56 Light Cavalry
47:47 Bloodlines
47:37 Husbandry
48:53 Chain Barding Armor
49:36 Blast Furnace
49:22 Bracer
60:26 Hand Cart
60:41 Heavy Plow
65:30 Hussar
67:03 Chain Barding Armor
67:26 Leather Archer Armor
68:22 Plate Barding Armor
70:31 Chemistry
69:15 Treadmill Crane
69:46 Masonry
70:09 Elite Varangian Guard
72:45 Chain Mail Armor
72:19 Gothikon
72:38 Cavalier
73:55 Conscription
74:49 Caravan
Connection lost

Rejoining the realm…

Still unreachable

The connection could not be restored.

Session expired

The server has moved on; the page needs a fresh start.